Map: Data-C

Players

A.I. 1 (Very Easy)

  • Race: Protoss Protoss
  • Spawn Location: 3:00

Xana - Winner!

  • Race: Zerg Zerg
  • League: Bronze
  • Spawn Location: 9:00

VOD

Have the link to the VOD?

Description

Time

  • Played on: July 29, 2022, 6:17 a.m.
  • Length: 7:34
Show
View Real Time Build Order
Export as new Build Order

A.I. 1 (Very Easy) Protoss 

Build Orders:  

Get SALT Encoding   

  12  0:00  Probe  
  13  0:13  Probe  
  14  0:19  Pylon  
  14  0:37  Assimilator  
  14  0:43  Gateway  
  14  0:45  Pylon  
  14  1:15  Assimilator  
  14  1:25  Probe  
  14  1:31  Zealot  
  17  1:33  Cybernetics Core, Probe  
  18  1:41  Probe  
  19  1:51  Probe  
  20  1:59  Warp Gate  
  20  2:01  Probe  
  21  2:09  Probe  
  22  2:41  Stalker  
  24  5:56  Probe  
  24  7:08  Stalker  
  26  7:09  Probe  
  26  7:10  Pylon  
  20  7:18  Probe  
Show
View Real Time Build Order
Export as new Build Order

Xana Zerg - Winner!

Build Orders: Hatch First 

Get SALT Encoding   

  12  0:00  Drone  
  13  0:12  Overlord  
  13  0:19  Drone  
  14  0:30  Drone x2  
  16  0:50  Hatchery  
  16  0:52  Drone  
  16  0:58  Drone  
  16  1:00  Drone  
  18  1:04  Extractor  
  17  1:18  Spawning Pool  
  16  1:21  Drone  
  17  1:27  Drone  
  17  1:28  Drone  
  19  1:38  Drone  
  20  1:49  Drone  
  21  2:04  Queen x2  
  21  2:06  Metabolic Boost  
  25  2:12  Overlord  
  25  2:16  Zergling x2  
  25  2:21  Drone  
  27  2:41  Drone x2, Hatchery  
  27  2:42  Drone  
  29  2:46  Drone  
  29  2:48  Drone  
  31  2:53  Drone  
  31  2:54  Drone  
  33  3:00  Overlord  
  33  3:04  Drone x2  
  35  3:13  Drone  
  35  3:19  Drone, Roach Warren  
  36  3:25  Drone x3  
  36  3:27  Drone  
  40  3:32  Drone  
  41  3:35  Drone  
  42  3:44  Drone  
  42  3:46  Drone  
  44  3:52  Extractor  
  44  3:53  Extractor x2  
  44  3:55  Drone x3  
  44  4:00  Drone  
  44  4:01  Drone x2  
  48  4:02  Drone  
  48  4:06  Overlord  
  48  4:07  Overlord  
  48  4:12  Drone  
  48  4:13  Drone  
  50  4:24  Drone  
  50  4:30  Lair  
  51  4:36  Evolution Chamber  
  50  4:39  Drone, Evolution Chamber  
  50  4:41  Drone  
  50  4:42  Drone  
  50  4:43  Queen  
  54  4:51  Roach x2  
  58  4:57  Overlord x2  
  58  4:58  Overlord x2  
  58  5:04  Zerg Missile Weapons Level 1  
  58  5:15  Drone x5  
  58  5:16  Drone x8  
  71  5:24  Zerg Ground Armor Level 1  
  71  5:27  Drone x2  
  73  5:29  Glial Reconstitution  
  73  5:36  Roach x6  
  73  5:38  Overlord x2  
  85  5:49  Roach x2  
  89  5:58  Roach x7  
  89  6:03  Roach  
  89  6:04  Overlord x4  
  105  6:18  Overlord x3  
  105  6:19  Overseer  
  105  6:24  Roach x4  
  115  6:33  Roach x10  
  133  6:45  Overlord x3  
  133  6:52  Roach  
  133  6:53  Roach  
Tags
 
League
Bronze
Matchup
PvZ
Spawn Locations
Cross Positions
Add a new tag
Caveats
  • Supply blocks, unpowered buildings, or Contaminate may cause inaccurate times.
  • Supply counts are checked every 10 seconds.